 Dungeon Crawl Stone Soup version 0.27-a0-1278-g6cbc8dfb29 (webtiles) character file.

Game seed: 2785623093824308661

2581 pokeman the Thaumaturge (level 9, 0/49 HPs)
             Began as a Deep Elf Hedge Wizard on June 12, 2021.
             Was an Initiate of Vehumet.
             Slain by an unseen horror (3 damage)
             ... on level 7 of the Dungeon.
             The game lasted 00:22:07 (9236 turns).

pokeman the Thaumaturge (Deep Elf Hedge Wizard)     Turns: 9236, Time: 00:22:07

Health: 0/49       AC:  4    Str:  7    XL:     9   Next: 32%
Magic:  22/35      EV: 12    Int: 23    God:    Vehumet [......]
Gold:   195        SH:  0    Dex: 14    Spells: 17/30 levels left

rFire    . . .     SeeInvis .   e - +0 spear (venom)
rCold    . . .     Faith    .   (no shield)
rNeg     . . .     Spirit   .   w - +0 leather armour
rPois    .         Reflect  .   u - +0 helmet
rElec    .         Harm     .   (no cloak)
rCorr    .         Rampage  .   (no gloves)
Will     .....                  (no boots)
Stlth    ++........             (no amulet)
HPRegen  0.16/turn              j - ring of magical power
MPRegen  0.24/turn              (no ring)

@: no status effects
A: no striking features
a: Renounce Religion


You were on level 7 of the Dungeon.
You worshipped Vehumet.
Vehumet was noncommittal.
You visited 2 branches of the dungeon, and saw 8 of its levels.
You also visited: Ossuary.

You collected 195 gold pieces.

Inventory:

Hand Weapons
 e - a +0 spear of venom (weapon)
Missiles
 r - 85 arrows
 t - 54 bolts
 F - 2 throwing nets
Armour
 u - a +0 helmet (worn)
 w - a +0 leather armour (worn)
Jewellery
 j - a ring of magical power (left hand)
 p - a ring of fire
 J - a ring of resist corrosion
Wands
 x - a wand of flame (10)
 y - a wand of charming (17)
Scrolls
 b - a scroll of enchant armour {unknown}
 c - a scroll of silence {unknown}
 f - 3 scrolls of teleportation {unknown}
 g - 3 scrolls of immolation {unknown}
 h - 6 scrolls of identify {unknown}
 i - a scroll of enchant weapon {unknown}
 k - a scroll of amnesia {unknown}
 l - 3 scrolls of torment {unknown}
 s - a scroll of blinking {unknown}
 B - a scroll of fear {unknown}
 G - a scroll of fog {unknown}
 H - a scroll of vulnerability {unknown}
Potions
 a - a potion of lignification {unknown}
 d - 3 potions of might {unknown}
 m - a potion of mutation {unknown}
 n - a potion of berserk rage {unknown}
 o - a potion of flight {unknown}
 q - 2 potions of magic {unknown}
 v - 5 potions of curing {unknown}
 z - 3 potions of haste {unknown}
 A - 2 potions of cancellation {unknown}
 C - 2 potions of degeneration {unknown}
 D - a potion of heal wounds {unknown}
 E - a potion of ambrosia {unknown}
 I - a potion of attraction {unknown}


   Skills:
 + Level 2.4 Fighting
 - Level 3.0 Armour
 - Level 3.1 Dodging
 - Level 3.0 Stealth
 * Level 11.1 Spellcasting
 + Level 6.1 Conjurations
 - Level 1.1 Summonings
 - Level 1.1 Translocations
 - Level 2.2 Transmutations
 + Level 4.9 Fire Magic
 - Level 1.0 Air Magic
 - Level 1.0 Poison Magic
 - Level 2.0 Evocations


You had 17 spell levels left.
You knew the following spells:

 Your Spells              Type           Power      Damage    Failure   Level
a - Magic Dart            Conj           100%       1d8       1%          1
b - Mephitic Cloud        Conj/Pois/Air  25%        N/A       7%          3
c - Call Imp              Summ           17%        N/A       7%          2
d - Blink                 Tloc           N/A        N/A       7%          2
e - Conjure Flame         Conj/Fire      38%        6-21      2%          3
f - Wereblood             Tmut           23%        N/A       4%          2

Your spell library contained the following spells:

 Spells                   Type           Power      Damage    Failure   Level
 Beastly Appendage        Tmut           46%        N/A       3%          1
 Summon Small Mammal      Summ           68%        N/A       4%          1
 Slow                     Hex            12%        N/A       11%         2
 Spider Form              Tmut/Pois      10%        N/A       12%         3
 Call Canine Familiar     Summ           17%        N/A       14%         3
 Summon Guardian Golem    Hex/Summ       15%        N/A       19%         3
 Ice Form                 Ice/Tmut       17%        N/A       43%         4
 Summon Lightning Spire   Summ/Air       17%        N/A       43%         4
 Summon Ice Beast         Ice/Summ       15%        N/A       52%         4


Dungeon Overview and Level Annotations

Branches:
Dungeon (7/15)             Temple (1/1) D:5         Ossuary (visited)

Altars:
Dithmenos
Elyvilon
Fedhas
Hepliaklqana
Makhleb
Nemelex Xobeh
Qazlal
Ru
Sif Muna
Trog
Uskayaw
Vehumet
Wu Jian
Xom
Yredelemnul
The Shining One

Annotations:
D:4 3 runed translucent doors, Atlas's ghost, amateur TrMo; ClownBaby's ghost, amateur DEFE; TODO's ghost, amateur HOMo; mordus's ghost, amateur DrMo


Message History

Confirm with . or Enter, or press ? or * to list all spells.
Aiming: Mephitic Cloud (dangerous; 7% risk of failure)
Press: ? - help, Shift-Dir - straight line The ball explodes into a vile cloud!
You hear an angry hiss.
You start resting.
Something hits you.
Deactivating autopickup; reactivate with Ctrl-A.
Casting: Mephitic Cloud (dangerous; 7% risk of failure)
Confirm with . or Enter, or press ? or * to list all spells.
The fire begins to smoulder!
Something hits you. Something hits you!
Something smothers the flame.
Casting: Conjure Flame (dangerous; 2% risk of failure)
Confirm with . or Enter, or press ? or * to list all spells.
Aiming: Mephitic Cloud (dangerous; 7% risk of failure)
Press: ? - help, Shift-Dir - straight line, f - you
Okay, then.
Unknown command.
Something hits you!
Casting: Mephitic Cloud (dangerous; 7% risk of failure)
Confirm with . or Enter, or press ? or * to list all spells.
Aiming: Mephitic Cloud (dangerous; 7% risk of failure)
Press: ? - help, Shift-Dir - straight line The ball explodes into a vile cloud!
The stinking cloud engulfs something but does no damage.
You hear an angry hiss.
Something hits you. Something hits you!
Casting: Mephitic Cloud (dangerous; 7% risk of failure)
Confirm with . or Enter, or press ? or * to list all spells.
The fire begins to smoulder!
Something hits you.
* * * LOW HITPOINT WARNING * * *
A water moccasin comes into view.
Something hits you.
* * * LOW HITPOINT WARNING * * *
Something hits you.
* * * LOW HITPOINT WARNING * * *
The fire ignites!
Something hits you.
You die...

........# ... . #......._
#.# .# ####....⌠.†. #
######.####'#..#..........
......#..........#....#.#.#.
... ..'..........#..........
.... #..........#...#......
..... #...# ###'#......
......##.§.#######...##+####
........§☼°@...#............
.......)S°.....#............
.$.............'............
############################


You could see a water moccasin.

Vanquished Creatures
  Eustachio (D:5)
  A water moccasin (D:6)
  A black bear (D:5)
  2 necrophages
  An ice beast (D:3)
  A sky beast (D:4)
  3 ogres
  A centaur (D:7)
  A kobold brigand (D:6)
  3 elf zombies (Ossuary)
  2 scorpions (D:5)
  2 water moccasin skeletons
  A centaur zombie (Ossuary)
  A bullfrog zombie (D:5)
  A human zombie (Ossuary)
  An orc priest (D:6)
  5 hounds
  A jelly (D:4)
  2 centaur skeletons (D:6)
  A bullfrog skeleton (D:5)
  A gnoll shaman (D:4)
  6 iguanas
  Ijyb (D:5)
  3 orc wizards
  A scorpion zombie (D:5)
  A killer bee zombie (D:6)
  A hound skeleton (D:5)
  2 mummies (Ossuary)
  12 gnolls
  7 adders
  A shadow imp (D:5)
  3 white imps
  An ufetubus (D:5)
  An adder zombie (Ossuary)
  4 worms
  19 orcs
  9 ball pythons
  8 endoplasms
  A giant cockroach (D:2)
  7 goblins
  10 hobgoblins
  8 jackals
  3 bats
  2 frilled lizards (D:3)
  6 hobgoblin zombies (Ossuary)
  2 jackal zombies (Ossuary)
  12 kobolds
  14 kobold zombies (Ossuary)
  6 orc zombies (Ossuary)
  5 rats
  A rat zombie (Ossuary)
190 creatures vanquished.

Vanquished Creatures (collateral kills)
  A jackal zombie (Ossuary)
  An orc zombie (Ossuary)
2 creatures vanquished.

Vanquished Creatures (others)
  5 plants
5 creatures vanquished.

Grand Total: 197 creatures vanquished

Notes
Turn   | Place    | Note
-------+----------+-------------------------------------------
     0 | D:1      | pokeman the Deep Elf Hedge Wizard began the quest for the
                  | Orb.
     0 | D:1      | Reached XP level 1. HP: 10/10 MP: 7/7
   561 | D:1      | Reached XP level 2. HP: 15/16 MP: 0/9
  1366 | D:1      | Reached skill level 5 in Spellcasting
  1779 | D:2      | Reached XP level 3. HP: 20/20 MP: 7/11
  1782 | D:2      | Learned a level 2 spell: Wereblood
  1786 | D:2      | Learned a level 3 spell: Mephitic Cloud
  1789 | D:2      | Learned a level 2 spell: Call Imp
  1792 | D:2      | Learned a level 2 spell: Blink
  1914 | D:2      | Reached skill level 1 in Armour
  2055 | D:2      | Reached skill level 1 in Fighting
  2178 | D:2      | Found a white marble altar of Elyvilon.
  2850 | D:2      | Reached XP level 4. HP: 25/25 MP: 13/13
  2854 | D:2      | Learned a level 3 spell: Conjure Flame
  3176 | D:3      | Found a shimmering altar of Xom.
  3201 | D:3      | Found a faded altar of an unknown god.
  3346 | D:3      | Noticed an ice beast
  3383 | D:3      | Killed an ice beast
  3384 | D:3      | Reached skill level 6 in Spellcasting
  3384 | D:3      | Reached skill level 1 in Transmutations
  3384 | D:3      | Reached XP level 5. HP: 29/29 MP: 12/15
  3829 | D:4      | Noticed a sky beast
  3849 | D:4      | Killed a sky beast
  3850 | D:4      | Reached skill level 1 in Fire Magic
  3850 | D:4      | Reached XP level 6. HP: 34/34 MP: 17/17
  3936 | D:4      | Reached skill level 7 in Spellcasting
  4293 | D:4      | Found a runed translucent gate.
  4294 | D:4      | Found a runed translucent gate.
  4294 | D:4      | Found a runed translucent gate.
  4294 | D:4      | Noticed mordus's ghost (amateur DrMo)
  4295 | D:4      | Noticed Atlas's ghost (amateur TrMo)
  4295 | D:4      | Noticed TODO's ghost (amateur HOMo)
  4296 | D:4      | Noticed ClownBaby's ghost (amateur DEFE)
  4388 | D:4      | Reached skill level 1 in Air Magic
  4419 | D:4      | Found a hazy altar of Hepliaklqana.
  4488 | D:4      | Reached XP level 7. HP: 28/38 MP: 11/20
  4843 | D:4      | Reached skill level 1 in Poison Magic
  5052 | D:4      | Found a burning altar of Makhleb.
  5228 | D:5      | Entered Level 5 of the Dungeon
  5355 | D:5      | Noticed Ijyb
  5366 | D:5      | Killed Ijyb
  5367 | D:5      | Reached skill level 8 in Spellcasting
  5512 | D:5      | Noticed Eustachio
  5515 | D:5      | Found a sand-covered staircase.
  5532 | D:5      | Killed Eustachio
  5541 | Ossuary  | Entered an ossuary
  5856 | Ossuary  | Reached XP level 8. HP: 15/44 MP: 8/22
  6097 | Ossuary  | Reached skill level 9 in Spellcasting
  6281 | D:5      | Reached skill level 1 in Evocations
  6455 | D:5      | Reached skill level 5 in Conjurations
  6838 | D:5      | Found a staircase to the Ecumenical Temple.
  6845 | Temple   | Entered the Ecumenical Temple
  6860 | Temple   | Became a worshipper of Vehumet
  7261 | D:6      | Reached skill level 10 in Spellcasting
  7541 | D:6      | Found a sacrificial altar of Ru.
  7619 | D:6      | Reached XP level 9. HP: 8/48 MP: 12/25
  8683 | D:7      | Found a bloodstained altar of Trog.
  8687 | D:7      | Noticed a red ugly thing
  9054 | D:7      | Found an ornate altar of the Wu Jian Council.
  9136 | D:7      | Reached skill level 11 in Spellcasting
  9162 | D:7      | Found a white marble altar of Elyvilon.
  9236 | D:7      | Slain by an unseen horror

Illustrated notes

Levels and vault maps discovered:
D:1:      minmay_arrival_doors, layout_basic, chequers_big_river,
          minmay_misc_feat_four_crosses
D:2:      minmay_spotlight, layout_basic, basic_altar
D:3:      cheibrodos_helix_gallery, layout_rooms, lemuel_doored_altar,
          ebering_ecumenical_altar_box
D:4:      layout_rooms, makhleb_heckhound_becter, lemuel_coloured_pillars_altar,
          gammafunk_ghost_cemetery
D:5:      layout_basic, minmay_temple_entry_mist, enter_ossuary_1,
          serial_bayou_pond_b, uniq_eustachio, uniq_ijyb
D:6:      layout_basic, nicolae_ru_sacrificial_ziggurat
D:7:      layout_gridville, lemuel_crystal_altar,
          nicolae_wu_jian_immortal_techniques, elyvilon_altar_5, kb_rosetta
Temple:   zaba_magenta_temple

Skill      XL: |  1  2  3  4  5  6  7  8  9 |
---------------+----------------------------+-----
Spellcasting   | 5 6 7 8 10 11 | 11.1
Armour         | 1 2 3 |  3.0
Fighting       | 1 2 |  2.4
Conjurations   | 2 3 4 5 6 |  6.1
Dodging        | 3 |  3.1
Transmutations | 1 2 |  2.2
Fire Magic     | 1 2 4 |  4.9
Stealth        | 3 |  3.0
Air Magic      | 1 |  1.0
Poison Magic   | 1 |  1.0
Evocations     | 2 |  2.0
Summonings     | |  1.1
Translocations | |  1.1

Action                   |  1- 3 |  4- 6 |  7- 9 || total
-------------------------+-------+-------+-------++-------
Melee: Dagger            |    14 |       |       ||    14
       Spear             |     8 |    87 |   146 ||   241
 Cast: Magic Dart        |   120 |    51 |   216 ||   387
       Mephitic Cloud    |     1 |    11 |    16 ||    28
       Conjure Flame     |       |     6 |    23 ||    29
       Wereblood         |       |     3 |     2 ||     5
       Call Imp          |       |     2 |     4 ||     6
 Stab: Sleeping          |     1 |       |     1 ||     2
       Confused          |       |     2 |    12 ||    14
Armor: Robe              |     4 |     8 |       ||    12
       Leather armour    |       |       |    42 ||    42
Dodge: Dodged            |    25 |    36 |    98 ||   159

Table legend: (Time is in decaauts)
 A = Elapsed time spent in this place.
 B = Non-inter-level travel time spent in this place.
 C = Inter-level travel time spent in this place.
 D = Time resting spent in this place.
 E = Time spent auto-exploring this place.
 F = Levels seen in this place.
 G = Mean time per level.
                   A        B        C        D        E       F      G
               +--------+--------+--------+--------+--------+-----+--------+
         Total |   9276 |   9048 |    228 |    472 |   7112 |   9 | 1030.7 |
       Dungeon |   8568 |   8354 |    214 |    456 |   6666 |   7 | 1224.0 |
        Temple |     30 |     16 |     14 |      0 |      7 |   1 |   30.0 |
       Ossuary |    676 |    676 |      0 |     16 |    439 |   1 |  676.0 |
               +--------+--------+--------+--------+--------+-----+--------+

Top non-repeatable levels by time:
     D:1: 1664 daAuts
     D:4: 1532 daAuts
     D:6: 1385 daAuts
     D:2: 1382 daAuts
     D:5: 1312 daAuts
     D:3: 687 daAuts
 Ossuary: 676 daAuts
     D:7: 604 daAuts
  Temple: 30 daAuts
